 Dungeon Crawl Stone Soup version 0.24-a0-201-gf205589 (webtiles) character file.

Game seed: 9756866069480883107

144 Yixers the Sneak (level 5, -3/25 HPs)
             Began as a Spriggan Assassin on Mar 21, 2019.
             Was a Follower of Dithmenos.
             Slain by an adder (4 damage)
             ... in a sewer.
             The game lasted 00:17:03 (3069 turns).

Yixers the Sneak (Spriggan Assassin)                Turns: 3069, Time: 00:17:04

Health: -3/25      AC:  3    Str:  7    XL:     5   Next: 5%
Magic:  6/6        EV: 19    Int: 13    God:    Dithmenos [*.....]
Gold:   114        SH:  0    Dex: 18    Spells: 4/4 levels left

rFire    . . .     SeeInvis +   c - +0 blowgun
rCold    . . .     Gourm    .   (shield restricted)
rNeg     . . .     Faith    .   n - +0 robe
rPois    .         Spirit   .   (helmet restricted)
rElec    .         Reflect  .   d - +0 cloak
rCorr    .         Harm     .   (gloves unavailable)
MR       .....                  (boots unavailable)
Stlth    ++........             (no amulet)
HPRegen  0.08/turn              (no ring)
MPRegen  0.10/turn              (no ring)

@: lethally poisoned (-3 -> -6), wreathed by umbra, slow
A: very small, unfitting armour, see invisible, herbivore, speed 3, slow
metabolism 2
a: Renounce Religion


You were in a sewer.
You worshipped Dithmenos.
Dithmenos was aware of your devotion.
You were not hungry.

You visited 1 branch of the dungeon, and saw 3 of its levels.
You also visited: Sewer.

You collected 114 gold pieces.

Inventory:

Hand Weapons
 a - a +0 short sword
 b - a +0 hunting sling
 c - a +0 blowgun (weapon)
 o - a cursed +0 dagger
Missiles
 e - 9 poisoned needles (quivered)
 f - 2 curare-tipped needles
 i - 51 stones
Armour
 d - a +0 cloak (worn)
 n - a +0 robe (worn)
Jewellery
 h - a cursed -2 ring of slaying {unknown}
Scrolls
 k - a scroll of magic mapping {unknown}
 l - 2 scrolls of identify {unknown}
 p - 3 scrolls of remove curse {unknown}
Potions
 j - a potion of berserk rage {unknown}
 m - 2 potions of haste {unknown}
 q - a potion of lignification {unknown}
 r - a potion of agility {unknown}
 s - 2 potions of heal wounds {unknown}
 t - a potion of brilliance {unknown}
 u - 2 potions of curing {unknown}
 v - a potion of cancellation {unknown}
Comestibles
 g - 3 rations


   Skills:
 - Level 1.5 Fighting
 - Level 2.1 Short Blades
 * Level 4.0 Throwing
 + Level 3.7 Dodging
 + Level 7.0 Stealth


You had 4 spell levels left.
You didn't know any spells.
Your spell library was empty.

Dungeon Overview and Level Annotations

Branches:
Dungeon (3/15)

Altars:
Ashenzari
Dithmenos
Okawaru


Innate Abilities, Weirdness & Mutations

You are very small and have problems with some larger weapons.
You are too small for most types of armour.
You have supernaturally acute eyesight. (SInv)
You are a herbivore.
You cover ground extremely quickly.
You need to consume almost no food.


Message History

The adder bites you.
* * * LOW HITPOINT WARNING * * *
The ball python closely misses you. x2; The adder misses you.
You feel sick. The ball python bites you.
* * * LOW HITPOINT WARNING * * *
The ball python misses you. The adder closely misses you.
The ball python misses you. The ball python closely misses you.
The adder bites you.
* * * LOW HITPOINT WARNING * * *
The ball python barely misses you. The ball python completely misses you.
* * * LOW HITPOINT WARNING * * *
You feel sick. The adder closely misses you.
The ball python completely misses you. The ball python grabs you.
* * * LOW HITPOINT WARNING * * *
The ball python constricts you.
You escape the ball python's grasp.
The adder misses you. The adder closely misses you. The ball python bites you.
* * * LOW HITPOINT WARNING * * *
The ball python closely misses you. The adder bites you.
You die...

##≈≈.≈##
#.≈...#
#≈≈≈≈≈≈#
#≈≈≈≈≈≈
#≈≈≈≈≈≈#
#≈≈≈(≈≈
#≈≈≈≈≈≈#
#≈≈≈≈#≈
#≈≈≈≈≈≈#
#≈≈≈≈÷≈
#≈≈≈≈≈≈#
#≈≈≈≈≈≈
#≈≈≈≈.≈#
#≈≈≈≈≈≈
#≈≈≈≈≈≈#
#≈≈≈#≈.
#≈.@≈≈≈#
#≈≈≈≈≈≈
#≈≈SS≈≈#
#≈≈≈≈≈≈
#≈≈#≈≈≈#
#≈≈≈≈≈≈
#≈≈≈≈≈≈#
#≈≈≈≈≈≈
#≈≈≈≈≈≈#
#≈≈≈≈≈≈
#≈≈≈≈≈≈#
#≈≈≈÷≈≈
#≈≈≈≈≈≈#
#≈≈≈≈≈≈
#≈≈≈≈≈≈#
#≈≈≈≈≈≈
#.≈≈≈.##
##....#


You could see an adder and a ball python.

Vanquished Creatures
  2 adders (D:2)
  5 river rats
  2 oozes (Sewer)
  A worm (D:3)
  A dart slug (D:1)
  4 giant cockroaches
  6 goblins
  2 hobgoblins
  4 jackals (D:1)
  4 ball pythons (Sewer)
  6 bats
  6 frilled lizards
  6 kobolds
  31 rats
80 creatures vanquished.

Notes
Turn   | Place    | Note
-------+----------+-------------------------------------------
     0 | D:1      | Yixers the Spriggan Assassin began the quest for the Orb.
     0 | D:1      | Reached XP level 1. HP: 10/10 MP: 2/2
   222 | D:1      | Reached skill level 6 in Stealth
   271 | D:1      | Reached XP level 2. HP: 14/14 MP: 3/3
  1036 | D:2      | Found a shadowy altar of Dithmenos.
  1061 | D:2      | Found a shattered altar of Ashenzari.
  1070 | D:2      | Reached XP level 3. HP: 18/18 MP: 4/4
  1494 | D:2      | Found an iron altar of Okawaru.
  1943 | D:2      | Became a worshipper of Dithmenos the Shadowed
  2188 | D:3      | Found a glowing drain.
  2260 | D:3      | Reached XP level 4. HP: 3/22 MP: 5/5
  2557 | Sewer    | Entered a sewer
  2775 | Sewer    | Reached * piety under Dithmenos
  2959 | Sewer    | Reached XP level 5. HP: 23/25 MP: 6/6
  2976 | Sewer    | Reached skill level 7 in Stealth
  3069 | Sewer    | HP: 1/25 [ball python (1)]
  3069 | Sewer    | Slain by an adder

Levels and vault maps discovered:
D:1:      dpeg_arrival_fog, layout_loops_ring
D:2:      layout_basic, old_standard_altar, okawaru_gym_becter,
          grunt_dithmenos_smoke_and_mirrors
D:3:      layout_basic, lemuel_round_altar, portal_sewer_entry_c, uniq_natasha
Sewer:    sewer_minmay_w

Skill      XL: |  1  2  3  4  5 |
---------------+----------------+-----
Dodging        | 2 3 |  3.7
Stealth        | 6 7 |  7.0
Throwing       | 3 4 |  4.0
Fighting       | |  1.5
Short Blades   | |  2.1

Action                   |  1- 3 |  4- 6 || total
-------------------------+-------+-------++-------
Melee: Dagger            |    26 |       ||    26
       Short sword       |   113 |     6 ||   119
 Fire: Blowgun           |    17 |    14 ||    31
       Hunting sling     |    40 |    78 ||   118
Throw: Stone             |     1 |       ||     1
 Stab: Sleeping          |     8 |       ||     8
Armor: Robe              |    25 |     6 ||    31
Dodge: Dodged            |   116 |   121 ||   237

Table legend:
 A = Non-vault XP
 B = Vault XP
 C = Vault XP percentage of total XP
 D = Non-vault monster count
 E = Vault monster count
 F = Vault count percentage of total count
                 A         B        C        D         E       F
            +---------+---------+-------+---------+---------+-------
      Total |      89 |     118 |  57.0 |      40 |      40 |  50.0
            +---------+---------+-------+---------+---------+-------
        D:1 |      32 |       0 |   0.0 |      19 |       0 |   0.0
        D:2 |      48 |       0 |   0.0 |      18 |       0 |   0.0
        D:3 |       9 |      20 |  69.0 |       3 |       6 |  66.7
      Sewer |       0 |      98 | 100.0 |       0 |      34 | 100.0
            +---------+---------+-------+---------+---------+-------
